Saguenéens vs Staline
(R1)
Created - 23 mai 2013 at 19:20
Goals
|
| Saguenéens |
3 |
1 |
0 |
1 |
5 |
| Staline |
1 |
1 |
2 |
0 |
4 |
|
Shots
|
| Saguenéens |
11 |
12 |
4 |
1 |
28 |
| Staline |
9 |
7 |
11 |
0 |
27 |
|
1st period
1. Saguenéens , Kyle Brodziak 1 (Michal Grosek) at 7:33
2. Staline , Alexandre Daigle 1 (Chris Dingman) at 9:44
3. Saguenéens , Brad Chartrand 1 (Brandon Yip) at 11:37
4. Saguenéens , Wayne Simmonds 1 (Dean McAmmond, Michal Grosek) at 14:26
Penalties :
Tomas Kana (StJ) for Hooking (Minor) at 18:16
2nd period
5. Saguenéens , Wayne Simmonds 2 (Dean McAmmond, Dwight King) at 0:10 (PP)
6. Staline , J.T. Wyman 1 (Greg Zanon, Mark Stuart) at 18:23
Penalties :
Derek Joslin (Chi) for High sticking (Minor) at 2:22, Kyle Brodziak (Chi) for Roughing (Minor) at 8:21, Dwight King (Chi) for Goalie Interference (Minor) at 11:00, T.J. Fast (StJ) for Slashing (Minor) at 18:58
3rd period
7. Staline , Robert Dome 1 (Greg Zanon, Tobias Stephan) at 14:12
8. Staline , Tomas Kana 1 (Robert Dome) at 19:23 (PP)
Penalties :
Michal Grosek (Chi) for Tripping (Minor) at 1:44, Andrew Kozek (Chi) for Hooking (Minor) at 7:28, Chris Dingman (StJ) for Interference (Minor) at 14:46, Johannes Salmonsson (Chi) for Goalie Interference (Minor) at 18:47
Overtime #1
9. Saguenéens , Kyle Brodziak 2 (Michal Grosek) at 0:06
Penalties :
No Penalty
Goalie Stats
Thomas Greiss (Chi), 23 saves from 27 shots - (0,852), W, 1-0-0, 60:06 minutes
Erik Ersberg (StJ), 8 saves from 12 shots - (0,667), 20:10 minutes
Tobias Stephan (StJ), 15 saves from 16 shots - (0,938), OTL, 0-0-1, 39:40 minutes
Players Stats for Saguenéens
Player Name G A P +/- PIM S H SB GA TA FO MP PP MP PK MP
------------------------------------------------------------------------------------
Andrew Kozek 0 0 0 0 2 0 1 0 0 1 0/0 9:50 0:00 1:17
Brad Chartrand 1 0 1 -1 0 5 2 1 0 1 1/2 15:11 0:00 4:42
Brandon Yip 0 1 1 1 0 2 2 0 1 0 0/0 19:35 2:56 1:54
Brendan Witt 0 0 0 2 0 1 0 2 2 0 0/0 18:20 0:42 5:14
David McIntyre 0 0 0 0 0 0 0 0 0 0 1/4 6:51 0:00 0:00
Dean McAmmond 0 2 2 1 0 1 2 0 0 0 11/25 19:43 2:56 4:59
Derek Joslin 0 0 0 1 2 0 4 1 0 0 0/0 19:13 0:00 4:37
Dwight King 0 1 1 1 2 0 3 0 1 0 0/0 15:03 2:56 0:00
Henrik Tallinder 0 0 0 -2 0 1 2 1 2 2 0/0 26:42 2:34 5:17
Ian Cole 0 0 0 2 0 0 1 0 1 0 0/0 12:56 1:52 0:10
Jim Slater 0 0 0 -1 0 1 0 0 0 0 3/9 10:35 0:00 0:16
Johannes Salmonsson 0 0 0 -1 2 0 1 1 0 0 0/0 11:52 0:00 0:01
Kyle Brodziak 2 0 2 1 2 4 2 0 0 0 10/17 18:20 2:56 3:47
Michal Grosek 0 3 3 1 2 4 0 0 4 0 0/0 19:43 2:56 4:06
Mike Van Ryn 0 0 0 0 0 2 3 1 0 0 0/0 24:09 3:18 5:14
Pat Dwyer 0 0 0 0 0 3 1 0 0 0 0/0 6:51 0:00 0:00
Patrick McNeill 0 0 0 -1 0 2 0 0 0 1 0/0 20:05 3:18 0:30
Wayne Simmonds 2 0 2 1 0 2 2 0 0 0 0/0 14:54 2:56 0:00
Players Stats for Staline
Player Name G A P +/- PIM S H SB GA TA FO MP PP MP PK MP
------------------------------------------------------------------------------------
Alexandre Daigle 1 0 1 -1 0 4 3 0 0 0 3/4 22:17 5:43 4:11
Brandon Prust 0 0 0 1 0 1 1 0 0 0 1/1 9:39 0:00 1:27
Brock Trotter 0 0 0 0 0 0 0 0 0 0 0/0 0:32 0:00 0:32
Cam Janssen 0 0 0 0 0 1 1 0 0 1 0/1 11:12 0:04 0:00
Chris Dingman 0 1 1 -1 2 4 1 0 1 0 6/9 21:07 5:43 2:55
Devin Setoguchi 0 0 0 -1 0 1 2 0 2 0 1/1 16:44 4:44 0:00
Eric Hunter 0 0 0 0 0 0 0 1 0 0 2/7 10:51 0:00 0:00
Greg Zanon 0 2 2 -2 0 2 2 0 0 2 0/0 26:54 6:56 3:24
J.T. Wyman 1 0 1 1 0 4 0 0 0 0 0/0 8:26 0:04 0:00
Jean-François Jacques 0 0 0 0 0 0 0 0 0 0 0/0 0:00 0:00 0:00
Josh Green 0 0 0 0 0 1 0 2 1 0 0/0 11:29 0:11 0:00
Mark Stuart 0 1 1 -2 0 0 4 2 0 1 0/0 26:54 6:56 3:24
Matt Carle 0 0 0 1 0 0 2 2 0 2 0/0 19:56 3:35 2:28
Matt Generous 0 0 0 -1 0 0 0 0 0 1 0/0 10:16 0:00 0:50
Maxime Fortunus 0 0 0 -1 0 1 0 2 0 0 0/0 9:00 0:00 0:00
Mike Sauer 0 0 0 1 0 0 0 0 0 0 0/0 4:16 0:00 0:00
Nick Palmieri 0 0 0 0 0 0 0 0 0 0 0/0 0:00 0:00 0:00
Raymond Sawada 0 0 0 0 0 0 0 0 0 0 0/0 0:00 0:00 0:00
Robby Dee 0 0 0 1 0 0 1 0 0 0 4/4 9:18 0:00 1:06
Robert Dome 1 1 2 -1 0 5 1 0 1 0 0/0 17:25 4:44 0:41
Simon Danis-Pepin 0 0 0 1 0 0 0 0 0 0 0/0 4:16 0:00 0:00
T.J. Fast 0 0 0 1 2 0 1 0 0 2 0/0 18:39 3:35 1:38
Tomas Kana 1 0 1 -1 2 1 1 0 0 2 3/6 16:26 4:37 0:00
Yan Stastny 0 0 0 -1 0 2 1 0 0 0 11/24 18:58 5:43 0:52
3 Stars
1 - Wayne Simmonds (Chi)
2 - Kyle Brodziak (Chi)
3 - Dean McAmmond (Chi)
Power Play
Saguenéens - 1 on 3 Attempt(s) - 33,33%
Staline - 1 on 6 Attempt(s) - 16,67%
Penalty Kill
Saguenéens - 5 on 6 Attempt(s) - 83,33%
- Score 0 goal in Penalty Kill
Staline - 2 on 3 Attempt(s) - 66,67%
- Score 0 goal in Penalty Kill
Official
Referees : Meier Brad and StPierre Justin
Linesman : Lonnie Cameron and Tim Nowak
Game Notes
Tobias Stephan enters game at 0:10 of 2nd period
Ian Cole is injured at 11:00 of 3rd period (Sprained Right Finger)
Finance
Level 1 -- Attendance: 1757 (87,85%) -- Ticket Income 61 495 $
Level 2 -- Attendance: 846 (84,60%) -- Ticket Income 12 690 $
Total Attendance: 2603 (86,77%)
Total Ticket Income: 74 185 $
Other Income: 3 709 $
Total Income: 77 894 $
Saguenéens
5 vs 5 Forward
Center Left Wing Right Wing Time % Phy DF OF
1 Kyle Brodziak Michal Grosek Brandon Yip 35 1 1 3
2 Dean McAmmond Dwight King Wayne Simmonds 35 1 1 3
3 Jim Slater Johannes Salmonsson Brad Chartrand 20 1 2 2
4 David McIntyre Andrew Kozek Pat Dwyer 10 1 2 2
5 vs 5 Defense
Defense Defense Time % Phy DF OF
1 Mike Van Ryn Derek Joslin 32 1 2 2
2 Henrik Tallinder Patrick McNeill 32 1 2 2
3 Brendan Witt Ian Cole 26 1 2 2
4 Henrik Tallinder Mike Van Ryn 10 0 2 3
PowerPlay Forward
Center Left Wing Right Wing Time % Phy DF OF
1 Kyle Brodziak Michal Grosek Brandon Yip 50 0 1 4
2 Dean McAmmond Dwight King Wayne Simmonds 50 0 1 4
PowerPlay Defense
Defense Defense Time % Phy DF OF
1 Mike Van Ryn Patrick McNeill 50 0 2 3
2 Henrik Tallinder Ian Cole 50 0 2 3
Penalty Kill 4 Players Forward
Center Wing Time % Phy DF OF
1 Kyle Brodziak Michal Grosek 50 1 3 1
2 Dean McAmmond Brad Chartrand 50 1 3 1
Penalty Kill 4 Players Defense
Defense Defense Time % Phy DF OF
1 Mike Van Ryn Brendan Witt 50 1 3 1
2 Henrik Tallinder Derek Joslin 50 1 3 1
Penalty Kill - 3 Players Forward
Forward Time % Phy DF OF
1 Dean McAmmond 50 1 3 1
2 Michal Grosek 50 1 3 1
Penalty Kill - 3 Players Defense
Defense Defense Time % Phy DF OF
1 Mike Van Ryn Brendan Witt 50 1 3 1
2 Henrik Tallinder Derek Joslin 50 1 3 1
4 vs 4 Forward
Center Wing Time % Phy DF OF
1 Kyle Brodziak Brandon Yip 50 1 1 3
2 Dean McAmmond Wayne Simmonds 50 1 1 3
4 vs 4 Defense
Defense Defense Time % Phy DF OF
1 Mike Van Ryn Derek Joslin 50 1 2 2
2 Henrik Tallinder Patrick McNeill 50 1 2 2
Last Minutes Offensive
Center Left Wing Right Wing Defense Defense
Dean McAmmond Michal Grosek Brandon Yip Henrik Tallinder Brendan Witt
Last Minutes Defensive
Center Left Wing Right Wing Defense Defense
Dean McAmmond Michal Grosek Wayne Simmonds Henrik Tallinder Brendan Witt
Goaltenders
Starting : Thomas Greiss
Backup : James Reimer
Extra Forwards
Normal : Brad Chartrand, Brandon Yip, Andrew Kozek - PP : Johannes Salmonsson, Brad Chartrand - PK : Brandon Yip
Extra Defensemen
Normal : Patrick McNeill, Henrik Tallinder, Mike Van Ryn - PP : Brendan Witt - PK : Patrick McNeill, Ian Cole
Penalty Shots
Brandon Yip, Michal Grosek, Brad Chartrand, Dean McAmmond, Wayne Simmonds
Staline
5 vs 5 Forward
Center Left Wing Right Wing Time % Phy DF OF
1 Yan Stastny Chris Dingman Alexandre Daigle 40 1 2 2
2 Tomas Kana Robert Dome Devin Setoguchi 30 1 2 2
3 Eric Hunter Josh Green Cam Janssen 20 1 2 2
4 Robby Dee Brandon Prust J.T. Wyman 10 1 2 2
5 vs 5 Defense
Defense Defense Time % Phy DF OF
1 Mark Stuart Greg Zanon 40 1 2 2
2 Matt Carle T.J. Fast 30 1 2 2
3 Maxime Fortunus Matt Generous 20 1 2 2
4 Mike Sauer Simon Danis-Pepin 10 1 2 2
PowerPlay Forward
Center Left Wing Right Wing Time % Phy DF OF
1 Yan Stastny Chris Dingman Alexandre Daigle 60 1 2 2
2 Tomas Kana Robert Dome Devin Setoguchi 40 1 2 2
PowerPlay Defense
Defense Defense Time % Phy DF OF
1 Mark Stuart Greg Zanon 60 1 2 2
2 Matt Carle T.J. Fast 40 1 2 2
Penalty Kill 4 Players Forward
Center Wing Time % Phy DF OF
1 Chris Dingman Alexandre Daigle 60 1 2 2
2 Yan Stastny Robert Dome 40 1 2 2
Penalty Kill 4 Players Defense
Defense Defense Time % Phy DF OF
1 Mark Stuart Greg Zanon 60 1 2 2
2 Matt Carle T.J. Fast 40 1 2 2
Penalty Kill - 3 Players Forward
Forward Time % Phy DF OF
1 Chris Dingman 60 1 2 2
2 Alexandre Daigle 40 1 2 2
Penalty Kill - 3 Players Defense
Defense Defense Time % Phy DF OF
1 Mark Stuart Greg Zanon 60 1 2 2
2 Matt Carle T.J. Fast 40 1 2 2
4 vs 4 Forward
Center Wing Time % Phy DF OF
1 Chris Dingman Alexandre Daigle 60 1 2 2
2 Yan Stastny Robert Dome 40 1 2 2
4 vs 4 Defense
Defense Defense Time % Phy DF OF
1 Mark Stuart Greg Zanon 60 1 2 2
2 Matt Carle T.J. Fast 40 1 2 2
Last Minutes Offensive
Center Left Wing Right Wing Defense Defense
Yan Stastny Chris Dingman Alexandre Daigle Mark Stuart Greg Zanon
Last Minutes Defensive
Center Left Wing Right Wing Defense Defense
Yan Stastny Chris Dingman Alexandre Daigle Mark Stuart Greg Zanon
Goaltenders
Starting : Erik Ersberg
Backup : Tobias Stephan
Extra Forwards
Normal : Josh Green, Cam Janssen, Brandon Prust - PP : Josh Green, Cam Janssen - PK : Brandon Prust
Extra Defensemen
Normal : Maxime Fortunus, Matt Generous, Mike Sauer - PP : Maxime Fortunus - PK : Matt Generous, Mike Sauer
Penalty Shots
Chris Dingman, Alexandre Daigle, Yan Stastny, Robert Dome, Josh Green
% Time on Ice - Saguenéens
Lines # - Real PCT - Wanted PCT - Time Play
Normal Forward
1 - 29% - 35% - 12:52
2 - 31% - 35% - 13:41
3 - 24% - 20% - 10:19
4 - 16% - 10% - 6:51
Normal Defense
1 - 30% - 32% - 13:03
2 - 37% - 32% - 16:11
3 - 27% - 26% - 11:55
4 - 6% - 10% - 2:34
PP Forward
1 - 50% - 50% - 2:56
2 - 50% - 50% - 2:56
PP Defense
1 - 56% - 50% - 3:18
2 - 44% - 50% - 2:34
PK Forward
1 - 53% - 50% - 5:35
2 - 47% - 50% - 4:56
PK Defense
1 - 50% - 50% - 5:14
2 - 50% - 50% - 5:17
PK3 Forward
1 - 0% - 50%
2 - 0% - 50%
PK3 Defense
1 - 0% - 50%
2 - 0% - 50%
44 Forward
1 - 0% - 50%
2 - 0% - 50%
44 Defense
1 - 0% - 50%
2 - 0% - 50%
Last Minute Offensive - 0:00
Last Minute Defensive - 0:00
Total
Forward - 60:06
Defense - 60:06
|
% Time on Ice - Staline
Lines # - Real PCT - Wanted PCT - Time Play
Normal Forward
1 - 29% - 40% - 12:47
2 - 27% - 30% - 12:00
3 - 25% - 20% - 10:51
4 - 18% - 10% - 8:05
Normal Defense
1 - 38% - 40% - 16:34
2 - 32% - 30% - 13:53
3 - 21% - 20% - 9:00
4 - 10% - 10% - 4:16
PP Forward
1 - 55% - 60% - 5:47
2 - 45% - 40% - 4:44
PP Defense
1 - 66% - 60% - 6:56
2 - 34% - 40% - 3:35
PK Forward
1 - 88% - 60% - 5:11
2 - 12% - 40% - 0:41
PK Defense
1 - 58% - 60% - 3:24
2 - 42% - 40% - 2:28
PK3 Forward
1 - 0% - 60%
2 - 0% - 40%
PK3 Defense
1 - 0% - 60%
2 - 0% - 40%
44 Forward
1 - 0% - 60%
2 - 0% - 40%
44 Defense
1 - 0% - 60%
2 - 0% - 40%
Last Minute Offensive - 0:00
Last Minute Defensive - 0:00
Total
Forward - 60:06
Defense - 60:06
|
Play by Play
1st period
0:01 of 1st period - Kyle Brodziak wins face-off versus Yan Stastny in neutral zone.
0:26 of 1st period - Mike Van Ryn is hit by Tomas Kana and loses puck.
0:57 of 1st period - Snap shot by Cam Janssen.
0:57 of 1st period - Shot Misses the Net.
1:11 of 1st period - Slapshot by Pat Dwyer.
1:11 of 1st period - Stopped by Erik Ersberg without a rebound.
1:12 of 1st period - Robby Dee wins face-off versus David McIntyre in Staline zone.
1:12 of 1st period - Robby Dee is hit by Pat Dwyer.
2:14 of 1st period - Snap shot by J.T. Wyman.
2:14 of 1st period - Stopped by Thomas Greiss without a rebound.
2:15 of 1st period - Chris Dingman wins face-off versus Dean McAmmond in Saguenéens zone.
2:36 of 1st period - Matt Generous is hit by Dwight King and loses puck.
2:54 of 1st period - Derek Joslin is hit by Devin Setoguchi and loses puck.
3:40 of 1st period - Snap shot by Michal Grosek.
3:40 of 1st period - Shot Misses the Net.
4:07 of 1st period - Off-side.
4:08 of 1st period - Chris Dingman wins face-off versus David McIntyre in neutral zone.
5:02 of 1st period - Snap shot by Dwight King.
5:02 of 1st period - Shot Blocked by Maxime Fortunus.
5:14 of 1st period - Snap shot by Brad Chartrand.
5:14 of 1st period - Shot Misses the Net.
6:17 of 1st period - Backhand shot by Dean McAmmond.
6:17 of 1st period - Stopped by Erik Ersberg without a rebound.
6:18 of 1st period - Dean McAmmond wins face-off versus Yan Stastny in Staline zone.
6:29 of 1st period - Wrist shot by Alexandre Daigle.
6:29 of 1st period - Deflect By Chris Dingman.
6:29 of 1st period - Stopped by Thomas Greiss without a rebound.
6:30 of 1st period - Kyle Brodziak wins face-off versus Yan Stastny in Saguenéens zone.
6:55 of 1st period - Greg Zanon is hit by Dwight King.
7:27 of 1st period - Slapshot by Jim Slater.
7:27 of 1st period - Deflect By Brad Chartrand.
7:27 of 1st period - Shot Blocked by Matt Carle.
7:27 of 1st period - Puck is out of play.
7:28 of 1st period - Kyle Brodziak wins face-off versus Yan Stastny in Staline zone.
7:33 of 1st period - Snap shot by Kyle Brodziak.
7:33 of 1st period - Goal by Kyle Brodziak - Saguenéens : 1 - Staline : 0.
7:34 of 1st period - Dean McAmmond wins face-off versus Yan Stastny in neutral zone.
7:43 of 1st period - Wrist shot by Dean McAmmond.
7:43 of 1st period - Shot Misses the Net.
7:45 of 1st period - Snap shot by Dean McAmmond.
7:45 of 1st period - Shot Misses the Net.
8:08 of 1st period - Snap shot by Kyle Brodziak.
8:08 of 1st period - Shot Misses the Net.
8:14 of 1st period - Michal Grosek is hit by Mark Stuart and loses puck.
8:27 of 1st period - Matt Generous is hit by Brad Chartrand and loses puck.
8:32 of 1st period - Slapshot by Brad Chartrand.
8:32 of 1st period - Stopped by Erik Ersberg with a rebound.
8:48 of 1st period - Wrist shot by J.T. Wyman.
8:48 of 1st period - Stopped by Thomas Greiss with a rebound.
8:54 of 1st period - Matt Generous is hit by Wayne Simmonds and loses puck.
9:05 of 1st period - Patrick McNeill is hit by Alexandre Daigle and loses puck.
9:44 of 1st period - Snap shot by Alexandre Daigle.
9:44 of 1st period - Goal by Alexandre Daigle - Saguenéens : 1 - Staline : 1.
9:45 of 1st period - Dean McAmmond wins face-off versus Tomas Kana in neutral zone.
10:10 of 1st period - Josh Green is hit by Kyle Brodziak and loses puck.
10:19 of 1st period - Snap shot by Josh Green.
10:19 of 1st period - Shot Blocked by Mike Van Ryn.
10:49 of 1st period - Wrist shot by Mike Van Ryn.
10:49 of 1st period - Deflect By David McIntyre.
10:49 of 1st period - Shot Misses the Net.
10:49 of 1st period - Puck is out of play.
10:50 of 1st period - Robby Dee wins face-off versus David McIntyre in Staline zone.
11:37 of 1st period - Snap shot by Brad Chartrand.
11:37 of 1st period - Goal by Brad Chartrand - Saguenéens : 2 - Staline : 1.
11:38 of 1st period - Kyle Brodziak wins face-off versus Tomas Kana in neutral zone.
12:21 of 1st period - Icing by Dwight King.
12:22 of 1st period - Dean McAmmond wins face-off versus Eric Hunter in Saguenéens zone.
12:29 of 1st period - Wrist shot by Jim Slater.
12:29 of 1st period - Shot Blocked by Eric Hunter.
12:31 of 1st period - Slapshot by Jim Slater.
12:31 of 1st period - Shot Misses the Net.
12:33 of 1st period - Slapshot by Mike Van Ryn.
12:33 of 1st period - Stopped by Erik Ersberg with a rebound.
12:35 of 1st period - Snap shot by Brad Chartrand.
12:35 of 1st period - Shot Blocked by Josh Green.
12:37 of 1st period - Wrist shot by Mike Van Ryn.
12:37 of 1st period - Shot Blocked by Josh Green.
12:48 of 1st period - Off-side.
12:49 of 1st period - Dean McAmmond wins face-off versus Yan Stastny in neutral zone.
13:04 of 1st period - Wrist shot by Alexandre Daigle.
13:04 of 1st period - Shot Misses the Net.
13:47 of 1st period - Slapshot by J.T. Wyman.
13:47 of 1st period - Stopped by Thomas Greiss with a rebound.
14:24 of 1st period - Wrist shot by Wayne Simmonds.
14:24 of 1st period - Shot Misses the Net.
14:26 of 1st period - Snap shot by Wayne Simmonds.
14:26 of 1st period - Goal by Wayne Simmonds - Saguenéens : 3 - Staline : 1.
14:27 of 1st period - Chris Dingman wins face-off versus Dean McAmmond in neutral zone.
14:40 of 1st period - Wrist shot by Yan Stastny.
14:40 of 1st period - Stopped by Thomas Greiss without a rebound.
14:41 of 1st period - Tomas Kana wins face-off versus Jim Slater in Saguenéens zone.
15:21 of 1st period - Slapshot by Alexandre Daigle.
15:21 of 1st period - Shot Blocked by Derek Joslin.
15:39 of 1st period - Off-side.
15:40 of 1st period - Tomas Kana wins face-off versus Kyle Brodziak in neutral zone.
15:43 of 1st period - Wrist shot by Robert Dome.
15:43 of 1st period - Stopped by Thomas Greiss with a rebound.
16:01 of 1st period - Slapshot by Kyle Brodziak.
16:01 of 1st period - Stopped by Erik Ersberg with a rebound.
16:15 of 1st period - Slapshot by Wayne Simmonds.
16:15 of 1st period - Shot Misses the Net.
16:33 of 1st period - Matt Carle is hit by Derek Joslin and loses puck.
16:42 of 1st period - Wrist shot by Brad Chartrand.
16:42 of 1st period - Stopped by Erik Ersberg with a rebound.
17:15 of 1st period - Brendan Witt is hit by Matt Carle and loses puck.
17:32 of 1st period - Wrist shot by Michal Grosek.
17:32 of 1st period - Shot Blocked by Maxime Fortunus.
17:36 of 1st period - Snap shot by Michal Grosek.
17:36 of 1st period - Stopped by Erik Ersberg without a rebound.
17:37 of 1st period - Kyle Brodziak wins face-off versus Tomas Kana in Staline zone.
17:46 of 1st period - Snap shot by Michal Grosek.
17:46 of 1st period - Stopped by Erik Ersberg with a rebound.
18:10 of 1st period - Brandon Yip is hit by Mark Stuart and loses puck.
18:16 of 1st period - Minor Penalty to Tomas Kana for Hooking.
18:17 of 1st period - Chris Dingman wins face-off versus Dean McAmmond in Staline zone.
18:26 of 1st period - Snap shot by Chris Dingman.
18:26 of 1st period - Stopped by Thomas Greiss with a rebound.
18:56 of 1st period - Wrist shot by Yan Stastny.
18:56 of 1st period - Stopped by Thomas Greiss without a rebound.
18:57 of 1st period - Yan Stastny wins face-off versus Kyle Brodziak in Saguenéens zone.
19:52 of 1st period - Mike Van Ryn is hit by Brandon Prust and loses puck.
2nd period
0:01 of 2nd period - Dean McAmmond wins face-off versus Chris Dingman in neutral zone.
0:10 of 2nd period - Wrist shot by Wayne Simmonds.
0:10 of 2nd period - Goal by Wayne Simmonds - Saguenéens : 4 - Staline : 1.
0:10 of 2nd period - Tobias Stephan enters game.
0:11 of 2nd period - Yan Stastny wins face-off versus Dean McAmmond in neutral zone.
0:37 of 2nd period - Robert Dome is hit by Brandon Yip and loses puck.
1:02 of 2nd period - Slapshot by Brandon Prust.
1:02 of 2nd period - Stopped by Thomas Greiss with a rebound.
1:32 of 2nd period - Wrist shot by Pat Dwyer.
1:32 of 2nd period - Shot Misses the Net.
2:22 of 2nd period - Minor Penalty to Derek Joslin for High sticking.
2:23 of 2nd period - Kyle Brodziak wins face-off versus Yan Stastny in Saguenéens zone.
2:38 of 2nd period - Dean McAmmond is hit by Yan Stastny and loses puck.
3:01 of 2nd period - Patrick McNeill is hit by Mark Stuart.
4:22 of 2nd period - Penalty to Derek Joslin is over, Derek Joslin is back on ice.
4:43 of 2nd period - Snap shot by Brandon Yip.
4:43 of 2nd period - Shot Blocked by Matt Carle.
4:45 of 2nd period - Slapshot by Michal Grosek.
4:45 of 2nd period - Stopped by Tobias Stephan with a rebound.
4:47 of 2nd period - Slapshot by Patrick McNeill.
4:47 of 2nd period - Stopped by Tobias Stephan with a rebound.
5:01 of 2nd period - Snap shot by Brandon Yip.
5:01 of 2nd period - Deflect By T.J. Fast.
5:01 of 2nd period - Stopped by Tobias Stephan with a rebound.
5:27 of 2nd period - Wrist shot by Brandon Yip.
5:27 of 2nd period - Stopped by Tobias Stephan with a rebound.
5:31 of 2nd period - Wrist shot by Derek Joslin.
5:31 of 2nd period - Shot Misses the Net.
5:33 of 2nd period - Slapshot by Patrick McNeill.
5:33 of 2nd period - Stopped by Tobias Stephan with a rebound.
5:35 of 2nd period - Wrist shot by Michal Grosek.
5:35 of 2nd period - Deflect By Brandon Yip.
5:35 of 2nd period - Shot Misses the Net.
5:35 of 2nd period - Puck is out of play.
5:36 of 2nd period - Alexandre Daigle wins face-off versus Dean McAmmond in Staline zone.
5:36 of 2nd period - Alexandre Daigle is hit by Dean McAmmond.
6:10 of 2nd period - Snap shot by Jim Slater.
6:10 of 2nd period - Stopped by Tobias Stephan without a rebound.
6:11 of 2nd period - Yan Stastny wins face-off versus Jim Slater in Staline zone.
6:17 of 2nd period - Off-side.
6:18 of 2nd period - Alexandre Daigle wins face-off versus Jim Slater in neutral zone.
7:05 of 2nd period - Slapshot by Pat Dwyer.
7:05 of 2nd period - Stopped by Tobias Stephan without a rebound.
7:06 of 2nd period - David McIntyre wins face-off versus Eric Hunter in Staline zone.
7:57 of 2nd period - Tomas Kana is hit by Brad Chartrand and loses puck.
8:02 of 2nd period - Snap shot by Brad Chartrand.
8:02 of 2nd period - Stopped by Tobias Stephan with a rebound.
8:12 of 2nd period - Slapshot by Michal Grosek.
8:12 of 2nd period - Shot Misses the Net.
8:14 of 2nd period - Snap shot by Kyle Brodziak.
8:14 of 2nd period - Shot Misses the Net.
8:16 of 2nd period - Slapshot by Brandon Yip.
8:16 of 2nd period - Shot Misses the Net.
8:18 of 2nd period - Slapshot by Brendan Witt.
8:18 of 2nd period - Stopped by Tobias Stephan without a rebound.
8:19 of 2nd period - Kyle Brodziak wins face-off versus Yan Stastny in Staline zone.
8:21 of 2nd period - Minor Penalty to Kyle Brodziak for Roughing.
8:22 of 2nd period - Dean McAmmond wins face-off versus Yan Stastny in Saguenéens zone.
8:22 of 2nd period - Dean McAmmond is hit by Alexandre Daigle.
10:21 of 2nd period - Penalty to Kyle Brodziak is over, Kyle Brodziak is back on ice.
10:25 of 2nd period - Mark Stuart is hit by Mike Van Ryn and loses puck.
10:30 of 2nd period - Snap shot by Mike Van Ryn.
10:30 of 2nd period - Deflect By Brandon Yip.
10:30 of 2nd period - Shot Misses the Net.
10:30 of 2nd period - Puck is out of play.
10:31 of 2nd period - Eric Hunter wins face-off versus Jim Slater in Staline zone.
11:00 of 2nd period - Minor Penalty to Dwight King for Goalie Interference.
11:01 of 2nd period - Dean McAmmond wins face-off versus Yan Stastny in Saguenéens zone.
12:23 of 2nd period - Mike Van Ryn is hit by Chris Dingman and loses puck.
12:48 of 2nd period - Devin Setoguchi is hit by Andrew Kozek and loses puck.
13:00 of 2nd period - Penalty to Dwight King is over, Dwight King is back on ice.
13:24 of 2nd period - Matt Generous is hit by Ian Cole and loses puck.
14:03 of 2nd period - Cam Janssen is hit by Derek Joslin.
14:41 of 2nd period - Slapshot by Henrik Tallinder.
14:41 of 2nd period - Stopped by Tobias Stephan with a rebound.
15:15 of 2nd period - Icing by Henrik Tallinder.
15:16 of 2nd period - Dean McAmmond wins face-off versus Eric Hunter in Saguenéens zone.
15:49 of 2nd period - Brandon Yip is hit by T.J. Fast and loses puck.
16:08 of 2nd period - Snap shot by Kyle Brodziak.
16:08 of 2nd period - Stopped by Tobias Stephan with a rebound.
16:48 of 2nd period - Icing by Patrick McNeill.
16:49 of 2nd period - Devin Setoguchi wins face-off versus Dean McAmmond in Saguenéens zone.
17:16 of 2nd period - Wayne Simmonds is hit by Alexandre Daigle and loses puck.
17:33 of 2nd period - Slapshot by Greg Zanon.
17:33 of 2nd period - Deflect By Dean McAmmond.
17:33 of 2nd period - Stopped by Thomas Greiss without a rebound.
17:34 of 2nd period - Robby Dee wins face-off versus Jim Slater in Saguenéens zone.
17:43 of 2nd period - Derek Joslin is hit by Mark Stuart and loses puck.
18:13 of 2nd period - Wrist shot by J.T. Wyman.
18:13 of 2nd period - Shot Blocked by Brendan Witt.
18:15 of 2nd period - Wrist shot by Robby Dee.
18:15 of 2nd period - Shot Blocked by Brendan Witt.
18:17 of 2nd period - Slapshot by Greg Zanon.
18:17 of 2nd period - Stopped by Thomas Greiss with a rebound.
18:23 of 2nd period - Wrist shot by J.T. Wyman.
18:23 of 2nd period - Goal by J.T. Wyman - Saguenéens : 4 - Staline : 2.
18:24 of 2nd period - Yan Stastny wins face-off versus Dean McAmmond in neutral zone.
18:24 of 2nd period - T.J. Fast is hit by Mike Van Ryn and loses puck.
18:28 of 2nd period - Matt Carle is hit by Derek Joslin and loses puck.
18:37 of 2nd period - Slapshot by Matt Carle.
18:37 of 2nd period - Shot Misses the Net.
18:54 of 2nd period - T.J. Fast is hit by Kyle Brodziak and loses puck.
18:58 of 2nd period - Minor Penalty to T.J. Fast for Slashing.
18:59 of 2nd period - Kyle Brodziak wins face-off versus Chris Dingman in Staline zone.
19:10 of 2nd period - Snap shot by Alexandre Daigle.
19:10 of 2nd period - Stopped by Thomas Greiss with a rebound.
19:12 of 2nd period - Snap shot by Chris Dingman.
19:12 of 2nd period - Stopped by Thomas Greiss with a rebound.
19:14 of 2nd period - Snap shot by Alexandre Daigle.
19:14 of 2nd period - Stopped by Thomas Greiss without a rebound.
19:15 of 2nd period - Chris Dingman wins face-off versus Dean McAmmond in Saguenéens zone.
19:42 of 2nd period - Icing by Henrik Tallinder.
19:43 of 2nd period - Kyle Brodziak wins face-off versus Chris Dingman in Saguenéens zone.
19:56 of 2nd period - Chris Dingman is hit by Dean McAmmond and loses puck.
3rd period
0:01 of 3rd period - Chris Dingman wins face-off versus Kyle Brodziak in neutral zone.
0:34 of 3rd period - Robert Dome is hit by Mike Van Ryn and loses puck.
0:58 of 3rd period - Penalty to T.J. Fast is over, T.J. Fast is back on ice.
1:14 of 3rd period - Slapshot by Matt Carle.
1:14 of 3rd period - Shot Blocked by Johannes Salmonsson.
1:16 of 3rd period - Backhand shot by Robert Dome.
1:16 of 3rd period - Shot Blocked by Henrik Tallinder.
1:18 of 3rd period - Wrist shot by Robert Dome.
1:18 of 3rd period - Stopped by Thomas Greiss with a rebound.
1:20 of 3rd period - Slapshot by Devin Setoguchi.
1:20 of 3rd period - Stopped by Thomas Greiss with a rebound.
1:32 of 3rd period - Backhand shot by Josh Green.
1:32 of 3rd period - Stopped by Thomas Greiss without a rebound.
1:33 of 3rd period - Eric Hunter wins face-off versus Kyle Brodziak in Saguenéens zone.
1:44 of 3rd period - Minor Penalty to Michal Grosek for Tripping.
1:45 of 3rd period - Yan Stastny wins face-off versus Dean McAmmond in Saguenéens zone.
1:48 of 3rd period - Wrist shot by Chris Dingman.
1:48 of 3rd period - Shot Misses the Net.
1:50 of 3rd period - Snap shot by Alexandre Daigle.
1:50 of 3rd period - Stopped by Thomas Greiss without a rebound.
1:51 of 3rd period - Dean McAmmond wins face-off versus Yan Stastny in Saguenéens zone.
3:44 of 3rd period - Penalty to Michal Grosek is over, Michal Grosek is back on ice.
3:56 of 3rd period - Slapshot by Cam Janssen.
3:56 of 3rd period - Stopped by Thomas Greiss with a rebound.
3:58 of 3rd period - Slapshot by Maxime Fortunus.
3:58 of 3rd period - Stopped by Thomas Greiss with a rebound.
4:00 of 3rd period - Wrist shot by Eric Hunter.
4:00 of 3rd period - Shot Misses the Net.
4:34 of 3rd period - Brandon Prust is hit by Henrik Tallinder and loses puck.
5:03 of 3rd period - Derek Joslin is hit by Matt Carle and loses puck.
6:04 of 3rd period - Slapshot by Kyle Brodziak.
6:04 of 3rd period - Shot Misses the Net.
7:10 of 3rd period - Yan Stastny is hit by Wayne Simmonds.
7:22 of 3rd period - Andrew Kozek is hit by Robby Dee and loses puck.
7:28 of 3rd period - Minor Penalty to Andrew Kozek for Hooking.
7:29 of 3rd period - Yan Stastny wins face-off versus Dean McAmmond in Saguenéens zone.
7:44 of 3rd period - Slapshot by Michal Grosek.
7:44 of 3rd period - Stopped by Tobias Stephan without a rebound.
7:45 of 3rd period - Dean McAmmond wins face-off versus Alexandre Daigle in Staline zone.
8:12 of 3rd period - Kyle Brodziak is hit by Greg Zanon and loses puck.
9:28 of 3rd period - Penalty to Andrew Kozek is over, Andrew Kozek is back on ice.
9:57 of 3rd period - Snap shot by Mike Van Ryn.
9:57 of 3rd period - Stopped by Tobias Stephan with a rebound.
10:21 of 3rd period - T.J. Fast is hit by Henrik Tallinder and loses puck.
10:35 of 3rd period - Eric Hunter is hit by Derek Joslin and loses puck.
10:59 of 3rd period - Ian Cole is hit by Cam Janssen and loses puck.
11:00 of 3rd period - Ian Cole from Saguenéens is injured at 11:00 of 3rd period (Sprained Right Finger).
11:01 of 3rd period - Yan Stastny wins face-off versus Kyle Brodziak in Saguenéens zone.
11:10 of 3rd period - Slapshot by Chris Dingman.
11:10 of 3rd period - Stopped by Thomas Greiss with a rebound.
11:26 of 3rd period - Dean McAmmond is hit by Devin Setoguchi and loses puck.
12:35 of 3rd period - Snap shot by J.T. Wyman.
12:35 of 3rd period - Shot Hit the Post.
12:37 of 3rd period - Snap shot by Brandon Prust.
12:37 of 3rd period - Shot Misses the Net.
13:00 of 3rd period - Slapshot by Dwight King.
13:00 of 3rd period - Deflect By Dean McAmmond.
13:00 of 3rd period - Shot Blocked by Mark Stuart.
13:00 of 3rd period - Puck is out of play.
13:01 of 3rd period - Yan Stastny wins face-off versus Brad Chartrand in Staline zone.
13:20 of 3rd period - Alexandre Daigle is hit by Johannes Salmonsson and loses puck.
13:39 of 3rd period - Slapshot by Kyle Brodziak.
13:39 of 3rd period - Deflect By Michal Grosek.
13:39 of 3rd period - Shot Misses the Net.
13:39 of 3rd period - Puck is out of play.
13:40 of 3rd period - Tomas Kana wins face-off versus Dean McAmmond in Staline zone.
13:47 of 3rd period - Wrist shot by Robert Dome.
13:47 of 3rd period - Stopped by Thomas Greiss with a rebound.
13:53 of 3rd period - Henrik Tallinder is hit by Robert Dome and loses puck.
14:12 of 3rd period - Wrist shot by Robert Dome.
14:12 of 3rd period - Goal by Robert Dome - Saguenéens : 4 - Staline : 3.
14:13 of 3rd period - Yan Stastny wins face-off versus Kyle Brodziak in neutral zone.
14:32 of 3rd period - Greg Zanon is hit by Brandon Yip and loses puck.
14:46 of 3rd period - Minor Penalty to Chris Dingman for Interference.
14:47 of 3rd period - Brandon Prust wins face-off versus Dean McAmmond in Staline zone.
14:47 of 3rd period - Brandon Prust is hit by Dwight King.
15:46 of 3rd period - Icing by Mike Van Ryn.
15:47 of 3rd period - Robby Dee wins face-off versus Kyle Brodziak in Saguenéens zone.
15:55 of 3rd period - Off-side.
15:56 of 3rd period - Yan Stastny wins face-off versus Dean McAmmond in neutral zone.
16:46 of 3rd period - Penalty to Chris Dingman is over, Chris Dingman is back on ice.
16:58 of 3rd period - Snap shot by Mark Stuart.
16:58 of 3rd period - Shot Blocked by Brad Chartrand.
17:24 of 3rd period - Wrist shot by Pat Dwyer.
17:24 of 3rd period - Stopped by Tobias Stephan with a rebound.
17:32 of 3rd period - Derek Joslin is hit by Greg Zanon and loses puck.
17:39 of 3rd period - Wrist shot by Robert Dome.
17:39 of 3rd period - Shot Misses the Net.
17:52 of 3rd period - Slapshot by Mark Stuart.
17:52 of 3rd period - Shot Misses the Net.
18:07 of 3rd period - Slapshot by Greg Zanon.
18:07 of 3rd period - Deflect By Robert Dome.
18:07 of 3rd period - Stopped by Thomas Greiss without a rebound.
18:08 of 3rd period - Jim Slater wins face-off versus Cam Janssen in Saguenéens zone.
18:26 of 3rd period - Icing by Jim Slater.
18:27 of 3rd period - Alexandre Daigle wins face-off versus Jim Slater in Saguenéens zone.
18:47 of 3rd period - Minor Penalty to Johannes Salmonsson for Goalie Interference.
18:48 of 3rd period - Yan Stastny wins face-off versus Dean McAmmond in Saguenéens zone.
18:51 of 3rd period - Slapshot by Alexandre Daigle.
18:51 of 3rd period - Deflect By Yan Stastny.
18:51 of 3rd period - Shot Misses the Net.
18:51 of 3rd period - Puck is out of play.
18:52 of 3rd period - Mario Tremblay call a timeout for Staline.
18:52 of 3rd period - Brad Chartrand wins face-off versus Yan Stastny in Saguenéens zone.
19:07 of 3rd period - Staline, Tobias Stephan is pulled from the net.
19:07 of 3rd period - Slapshot by Greg Zanon.
19:07 of 3rd period - Shot Misses the Net.
19:23 of 3rd period - Snap shot by Tomas Kana.
19:23 of 3rd period - Goal by Tomas Kana - Saguenéens : 4 - Staline : 4.
19:23 of 3rd period - Tobias Stephan from Staline was sent back in the game.
19:24 of 3rd period - Jim Slater wins face-off versus Eric Hunter in neutral zone.
19:29 of 3rd period - Wrist shot by Brad Chartrand.
19:29 of 3rd period - Stopped by Tobias Stephan without a rebound.
19:30 of 3rd period - Jim Slater wins face-off versus Eric Hunter in Staline zone.
19:37 of 3rd period - Snap shot by Jim Slater.
19:37 of 3rd period - Shot Blocked by Mark Stuart.
Overtime #1
0:01 of 1st overtime period - Kyle Brodziak wins face-off versus Yan Stastny in neutral zone.
0:06 of 1st overtime period - Snap shot by Kyle Brodziak.
0:06 of 1st overtime period - Goal by Kyle Brodziak - Saguenéens : 5 - Staline : 4.
Output by the SimonT Hockey Simulator (STHS) for François Prévost -- Original Page W3C XHTML 1.0 Valid